 Dungeon Crawl Stone Soup version 0.28-a0-948-gee6e0bcda6 (webtiles) character file.

Game seed: 15961641515665593893

98863 Angani the Destroyer (level 15, -12/115 HPs)
             Began as a Green Draconian Hedge Wizard on Nov 29, 2021.
             Was an Elder of Ignis.
             Killed from afar by a rakshasa (24 damage)
             ... with a lance of force
             ... on level 2 of the Abyss on Nov 30, 2021.
             The game lasted 01:19:24 (30929 turns).

Angani the Destroyer (DrWz)                        Turns: 30929, Time: 01:19:24

Health: -12/115    AC: 13    Str: 13    XL:     15   Next: 76%
Magic:  25/32      EV: 18    Int: 20    God:    Ignis [****..]
Gold:   1990       SH:  0    Dex: 17    Spells: 16/41 levels left

rFire   + + .      SeeInvis .   G - staff of earth
rCold   + . .      Faith    .   (no shield)
rNeg    . . .      Spirit   .   (armour unavailable)
rPois   +          Reflect  .   Q - +2 hat
rElec   .          Harm     .   e - scarf {rC+ rF+}
rCorr   +          Rampage  .   a - +0 pair of gloves
Will    +....                   J - +0 pair of boots
Stlth   ++........              K - amulet of magic regeneration
HPRegen 0.29/turn               u - ring of resist corrosion
MPRegen 0.63/turn               I - +6 ring of dexterity

@: unable to read
A: breathe noxious fumes, AC +9, unfitting armour, stinger 1, poison resistance,
cold-blooded, [frail 1], [inability to read while threatened]
a: Breathe Noxious Fumes, Renounce Religion, Fiery Armour, Foxfire Swarm, Rising
Flame


You were on level 2 of the Abyss.
You worshipped Ignis.
Ignis was greatly pleased with you.
You visited 2 branches of the dungeon, and saw 21 of its levels.
You visited the Abyss 1 time.

You collected 1990 gold pieces.

Inventory:

Missiles
 H - 2 throwing nets
Armour
 a - a +0 pair of gloves (worn)
 e - a scarf of resistance (worn)
 J - a +0 pair of boots (worn)
 P - a scarf of repulsion
 Q - a +2 hat (worn)
Magical Staves
 p - a staff of poison
 G - a staff of earth (weapon)
Jewellery
 d - a ring of flight
 u - a ring of resist corrosion (left hand)
 C - a ring of fire
 I - a +6 ring of dexterity (right hand)
 K - an amulet of magic regeneration (around neck)
 M - a ring of fire
 N - a ring of ice
 R - a ring of ice
Wands
 f - a wand of polymorph (7)
 k - a wand of charming (8)
 n - a wand of iceblast (29)
 t - a wand of mindburst (27)
 B - a wand of acid (35)
 S - a wand of paralysis (19)
 Y - a wand of flame (16)
Scrolls
 c - 7 scrolls of fear
 g - a scroll of holy word
 i - 3 scrolls of amnesia
 l - 7 scrolls of vulnerability
 m - 5 scrolls of enchant weapon
 o - 2 scrolls of silence
 q - 3 scrolls of blinking
 y - 2 scrolls of brand weapon
 D - 2 scrolls of torment
 E - 5 scrolls of teleportation
 F - a scroll of fog
 O - 3 scrolls of enchant armour
 Z - a scroll of summoning {unknown}
Potions
 h - 2 potions of mutation
 j - a potion of attraction
 r - 2 potions of lignification
 s - 3 potions of might
 w - 6 potions of invisibility
 z - 7 potions of ambrosia
 A - 7 potions of curing {unknown}
 L - 3 potions of flight {unknown}
 T - a potion of brilliance {unknown}
 V - a potion of haste
 W - a potion of resistance {unknown}
 X - a potion of cancellation {unknown}
Miscellaneous
 b - a condenser vane
 U - a lightning rod (4/4)


   Skills:
 - Level 10.8 Fighting
 - Level 10.0 Dodging
 - Level 1.7 Stealth
 + Level 13.5 Spellcasting
 + Level 14.4 Conjurations
 - Level 1.0 Summonings
 - Level 1.0 Translocations
 - Level 3.2 Air Magic
 + Level 14.0 Earth Magic
 - Level 5.1 Poison Magic


You had 16 spell levels left.
You knew the following spells:

 Your Spells              Type           Power      Damage    Failure   Level
a - Magic Dart            Conj           100%       1d8       0%          1
b - Poisonous Vapours     Pois/Air       60%        N/A       1%          2
c - Stone Arrow           Conj/Erth      100%       3d13      1%          3
d - Swiftness             Air            26%        N/A       3%          3
e - Flame Wave            Conj/Fire      42%        2d8       2%          4
f - Lehudib's Crystal Sp  Conj/Erth      40%        10d10     67%         8
g - Olgreb's Toxic Radia  Pois           34%        N/A       6%          4

Your spell library contained the following spells:

 Spells                   Type           Power      Damage    Failure   Level
 Sandblast                Erth           100%       2d20      0%          1
 Foxfire                  Conj/Fire      100%       2x1d9     1%          1
 Shock                    Conj/Air       100%       1d9       1%          1
 Sting                    Tmut/Pois      92%        1d7       1%          1
 Passwall                 Tmut/Erth      48%        N/A       1%          2
 Static Discharge         Conj/Air       48%        N/A       1%          2
 Conjure Flame            Conj/Fire      42%        6-21      1%          3
 Mephitic Cloud           Conj/Pois/Air  43%        N/A       1%          3
 Leda's Liquefaction      Hex/Erth       29%        N/A       2%          4
 Apportation              Tloc           34%        N/A       3%          1
 Summon Small Mammal      Summ           68%        N/A       3%          1
 Corpse Rot               Necr/Air       38%        N/A       3%          2
 Lightning Bolt           Conj/Air       24%        1d39      3%          5
 Animate Skeleton         Necr           26%        N/A       4%          1
 Beastly Appendage        Tmut           26%        N/A       4%          1
 Pain                     Necr           52%        1d6       4%          1
 Slow                     Hex            52%        N/A       4%          1
 Blink                    Tloc           34%        N/A       4%          2
 Call Imp                 Summ           17%        N/A       4%          2
 Spider Form              Tmut/Pois      23%        N/A       4%          3
 Wereblood                Tmut           13%        N/A       8%          2
 Borgnjor's Vile Clutch   Necr/Erth      29%        N/A       8%          5
 Call Canine Familiar     Summ           17%        N/A       10%         3
 Portal Projectile        Hex/Tloc       30%        N/A       12%         3
 Airstrike                Air            13%        N/A       13%         4
 Inner Flame              Hex/Fire       13%        N/A       14%         3
 Ozocubu's Armour         Ice            13%        N/A       14%         3
 Vampiric Draining        Necr           13%        2d6       14%         3
 Passage of Golubria      Tloc           17%        N/A       32%         4
 Silence                  Hex/Air        9%         N/A       56%         5
 Blade Hands              Tmut           6%         N/A       80%         5
 Excruciating Wounds      Necr           6%         N/A       80%         5
 Metabolic Englaciation   Hex/Ice        6%         N/A       80%         5
 Simulacrum               Ice/Necr       6%         N/A       100%        6
 Maxwell's Capacitive Co  Air            13%        ∞         100%        8


Dungeon Overview and Level Annotations

Branches:
Dungeon (15/15)            Temple (0/1) D:7            Lair (6/6) D:10
  Swamp (0/4) Lair:2        Snake (0/4) Lair:2        Slime (0/5) Lair:6
    Orc (0/2) D:12         Vaults (0/5) D:13
 Depths: D:15

Altars:
Ashenzari
Dithmenos
Hepliaklqana
Nemelex Xobeh
Qazlal
Sif Muna
Wu Jian
Xom
Yredelemnul
Zin
Ignis

Shops:
D:10 (

Annotations:
D:6 2 runed translucent doors, exclusion: door, anet's ghost, novice HOCj
D:14 3 runed translucent doors, exclusion: 3 doors, Joow's ghost, adept GrEE; Roxanne
Lair:4 1 runed translucent door, Waosu's ghost, journeyman DsVM


Innate Abilities, Weirdness & Mutations

You can breathe blasts of noxious fumes.
Your lurid green scales are hard. (AC +9)
You cannot fit into any form of body armour.
Your tail ends in a venomous barb.
Your system is resistant to poisons. (rPois)
You are cold-blooded and may be slowed by cold attacks.
[You are frail. (-10% HP)]
[You sometimes lose the ability to read scrolls when taking damage.]


Message History

Casting: Stone Arrow (safe; 1% risk of failure)
Confirm with . or Enter, or press ? or * to list all spells.
You don't know that spell.
Casting: Stone Arrow (safe; 1% risk of failure)
Confirm with . or Enter, or press ? or * to list all spells.
Aiming: Stone Arrow (safe; 1% risk of failure)
Press: ? - help, Shift-Dir - straight line, f - rakshasa
Aim: a rakshasa, wielding a +0 whip and wearing a +0 robe (66% to hit)
You feel a surge of power!
The stone arrow hits the rakshasa!!
The rakshasa is moderately wounded.
The rakshasa hits you with a +0 whip!
You feel threatened and lose the ability to read scrolls!
* * * LOW HITPOINT WARNING * * *
Casting: Stone Arrow (safe; 1% risk of failure)
Confirm with . or Enter, or press ? or * to list all spells.
Aiming: Stone Arrow (safe; 1% risk of failure)
Press: ? - help, Shift-Dir - straight line, f/p - rakshasa
Aim: a rakshasa, wielding a +0 whip and wearing a +0 robe (moderately wounded, 66% to hit)
You feel a surge of power!
The stone arrow hits the rakshasa!!
The rakshasa is almost dead.
The rakshasa hits you with a +0 whip.
* * * LOW HITPOINT WARNING * * *
Casting: Stone Arrow (safe; 1% risk of failure)
Confirm with . or Enter, or press ? or * to list all spells.
Aiming: Stone Arrow (safe; 1% risk of failure)
Press: ? - help, Shift-Dir - straight line, f/p - rakshasa
Aim: a rakshasa, wielding a +0 whip and wearing a +0 robe (almost dead, 66% to hit)
You feel a surge of power!
The stone arrow hits the rakshasa!
The rakshasa is almost dead.
You feel less wooden.
Your scarf of resistance unmelds from your body.
Your +2 hat unmelds from your body.
Your +0 pair of gloves unmelds from your body.
Your +0 pair of boots unmelds from your body.
You feel resistant to extremes of temperature.
You can read scrolls again.
The rakshasa gestures at you. The lance of force hits you!!
You feel threatened and lose the ability to read scrolls!
You die...

###
#R## .
#@# #
.#### #
. # .
.##. #
. # # .
..# .
#. . #
. . .
#.
..#...#
. . . .
. # ..#
.X. . .
. .....
. ## .
# # #
.#
#.#..
.##.


You could see a rakshasa.

Vanquished Creatures
  Gastronok (D:10)
  Frances (D:14)
  Kirke (Lair:5)
  Nessos (D:13)
  A green draconian (Abyss:2)
  An ettin (D:13)
  Josephine (D:13)
  Fannar (D:10)
  A vault guard (D:13)
  A boulder beetle (D:13)
  Erolcha (D:11)
  A rakshasa (D:12)
  9 hydras
  A catoblepas (Lair:6)
  4 centaur warriors
  An ogre mage (D:15)
  4 two-headed ogres
  A death knight (D:14)
  5 death yaks
  A deep troll shaman (Lair:6)
  2 tengu warriors (D:13)
  Nergalle (D:10)
  A wretched star (Abyss:2)
  Sonja (D:11)
  2 skeletal warriors
  3 bog bodies (Lair:2)
  2 swamp dragons
  A phantasmal warrior (D:14)
  A tengu zombie (D:15)
  A necromancer (D:15)
  A will-o-the-wisp (Lair:4)
  A deep elf pyromancer (D:12)
  4 manticores
  2 worldbinders (Abyss:2)
  14 ugly things
  An orb spider (shapeshifter) (D:13)
  A moth of wrath (shapeshifter) (D:13)
  18 elephants
  3 cyclopes
  7 black mambas
  2 torpor snails
  3 rime drakes
  3 gargoyles
  18 cane toads
  12 komodo dragons
  An unseen horror (D:12)
  Maggie (D:10)
  2 freezing wraiths (D:14)
  2 kobold demonologists
  4 tengu conjurers
  2 efreet (D:15)
  An ancient zyme (Abyss:2)
  2 meliai (D:13)
  2 queen bees
  5 polar bears
  4 trolls
  A raiju (shapeshifter) (D:12)
  26 blink frogs
  3 dream sheep (Lair:2)
  15 slime creatures
  2 shadows
  12 wraiths
  2 ynoxinuls (Abyss:2)
  2 hogs (Lair:5)
  7 basilisks
  4 steam dragons
  A wyvern (D:10)
  5 vampire mosquitoes
  41 yaks
  4 nagas (Lair:2)
  A warg (shapeshifter) (D:13)
  3 swamp worms (Lair:2)
  Edmund (D:4)
  2 acid dragons (D:12)
  4 small abominations (Abyss:2)
  19 water moccasins
  4 orc warriors
  4 black bears
  A sky beast (D:6)
  3 ogres
  11 wolves
  5 necrophages (Lair:2)
  7 centaurs
  2 phantoms (D:12)
  8 kobold brigands
  3 gnoll sergeants
  13 bullfrogs
  4 scorpions
  A wyvern skeleton (D:6)
  5 wights (D:8)
  55 killer bees
  2 howler monkeys
  3 bullfrog zombies
  8 electric eels
  2 centaur zombies
  3 jellies (Lair:6)
  A bullfrog skeleton (D:5)
  3 hounds
  6 orc priests
  2 iguanas (D:5)
  5 orc wizards
  14 hell rats
  6 ogre zombies (D:12)
  A howler monkey zombie (D:9)
  12 gnolls
  7 adders
  A river rat (Lair:2)
  A white imp (Abyss:2)
  An ufetubus (D:6)
  A worm (D:3)
  3 dart slugs
  18 orcs
  4 endoplasms
  6 goblins
  2 hobgoblins (D:1)
  21 kobolds
  3 quokkas (D:2)
  6 ball pythons
  4 bats
  2 frilled lizards
  A goblin skeleton (D:12)
  2 goblin zombies (D:12)
  A hobgoblin skeleton (D:12)
  A jackal skeleton (D:6)
  A jackal zombie (D:6)
  4 orc skeletons (D:12)
  11 orc zombies (D:12)
  A rat (D:2)
620 creatures vanquished.

Vanquished Creatures (collateral kills)
  A killer bee (Lair:2)
1 creature vanquished.

Vanquished Creatures (others)
  A meliai (D:13)
  A yak (Lair:2)
  4 humans (Lair:4)
  An electric eel (D:11)
  28 foxfires
  53 fungi
  83 plants
  6 starspawn tentacles (Abyss:2)
  9 withered plants (D:15)
186 creatures vanquished.

Grand Total: 807 creatures vanquished

Notes
Turn   | Place    | Note
-------+----------+-------------------------------------------
     0 | D:1      | Angani the Draconian Hedge Wizard began the quest for the
                  | Orb.
     0 | D:1      | Reached XP level 1. HP: 14/14 MP: 4/4
   423 | D:1      | Reached XP level 2. HP: 18/20 MP: 0/6
  1148 | D:2      | Found a faded altar of an unknown god.
  1266 | D:2      | Prayed at the altar of an unknown god.
  1266 | D:2      | Became a worshipper of Ignis, the Dying Flame
  1474 | D:2      | Noticed a scorpion
  1485 | D:2      | Killed a scorpion
  1486 | D:2      | Reached XP level 3. HP: 26/26 MP: 6/8
  1486 | D:2      | Reached XP level 4. HP: 33/33 MP: 7/10
  1864 | D:3      | Learned a level 2 spell: Poisonous Vapours
  2053 | D:3      | Found a shadowy altar of Dithmenos.
  2184 | D:3      | Found a glowing silver altar of Zin.
  2618 | D:4      | Found an ornate altar of the Wu Jian Council.
  2626 | D:4      | Found a sparkling altar of Nemelex Xobeh.
  2630 | D:4      | Noticed Edmund
  2713 | D:4      | Found a stormy altar of Qazlal.
  2787 | D:4      | Killed Edmund
  2788 | D:4      | Reached skill level 1 in Air Magic
  2788 | D:4      | Reached skill level 1 in Poison Magic
  2788 | D:4      | Reached XP level 5. HP: 38/38 MP: 0/11
  3065 | D:4      | Reached XP level 6. HP: 44/45 MP: 6/13
  3631 | D:5      | Entered Level 5 of the Dungeon
  3633 | D:5      | Got the Incunabulum of Scorching Earth
  4003 | D:5      | Reached skill level 5 in Spellcasting
  4075 | D:5      | Identified a scroll of acquirement
  4077 | D:5      | Acquired the amulet of Iphiemn {Acrobat rPois}
  4235 | D:5      | Found a broken altar of Ashenzari.
  4342 | D:5      | Your scales start taking on a lurid green colour.
  4342 | D:5      | Reached XP level 7. HP: 45/50 MP: 8/14
  4342 | D:5      | Gained mutation: Your system is resistant to poisons.
                  | (rPois) [Green Draconian growth]
  4384 | D:5      | Learned a level 3 spell: Stone Arrow
  4529 | D:5      | Found a hazy altar of Hepliaklqana.
  4627 | D:6      | Reached skill level 1 in Earth Magic
  5029 | D:6      | Reached XP level 8. HP: 57/57 MP: 16/16
  5319 | D:6      | Reached skill level 5 in Conjurations
  5657 | D:6      | Found a runed translucent door.
  5679 | D:6      | Noticed anet's ghost (novice HOCj)
  5721 | D:6      | Found a runed translucent door.
  5749 | D:6      | Found a basalt altar of Yredelemnul.
  6797 | D:7      | Found a staircase to the Ecumenical Temple.
  6874 | D:7      | Reached skill level 5 in Earth Magic
  6874 | D:7      | Reached XP level 9. HP: 46/62 MP: 19/19
  8944 | D:9      | Found a shimmering blue altar of Sif Muna.
 10149 | D:10     | Entered Level 10 of the Dungeon
 10163 | D:10     | Noticed Gastronok
 10465 | D:11     | Noticed a troll
 10481 | D:11     | Killed a troll
 10567 | D:11     | Noticed Sonja
 10567 | D:11     | Noticed Erolcha
 10582 | D:11     | Noticed a kobold demonologist
 10616 | D:11     | Reached XP level 10. HP: 69/69 MP: 18/22
 10840 | D:11     | Killed Erolcha
 10848 | D:11     | Noticed a seven-headed hydra
 11407 | D:11     | Killed a seven-headed hydra
 11546 | D:11     | Killed Sonja
 12038 | D:11     | Reached XP level 11. HP: 51/85 MP: 16/24
 12296 | D:10     | Found Zeshryuso's Weapon Emporium.
 12304 | D:10     | Noticed a two-headed ogre
 12308 | D:10     | Killed a two-headed ogre
 12309 | D:10     | Reached skill level 5 in Fighting
 12592 | D:10     | Reached skill level 5 in Dodging
 12842 | D:10     | Noticed a two-headed ogre
 12848 | D:10     | Killed a two-headed ogre
 12932 | D:10     | Noticed Fannar
 12941 | D:10     | Killed Fannar
 12992 | D:10     | Found a staircase to the Lair.
 13162 | D:10     | Noticed Nergalle
 13431 | D:12     | Found a staircase to the Orcish Mines.
 13515 | D:12     | Noticed a deep elf pyromancer
 13533 | D:12     | Killed a deep elf pyromancer
 13548 | D:12     | Noticed a rakshasa
 13548 | D:12     | Noticed a brown ugly thing
 13641 | D:13     | Noticed an orb spider
 13645 | D:13     | Killed an orb spider
 14000 | D:13     | Noticed a boulder beetle
 14013 | D:13     | Killed a boulder beetle
 14049 | D:13     | Noticed a tengu warrior
 14071 | D:13     | Killed a tengu warrior
 14168 | D:13     | Noticed a centaur warrior
 14173 | D:13     | Reached XP level 12. HP: 102/104 MP: 14/25
 14246 | D:12     | Noticed a four-headed hydra
 14615 | D:12     | You fall into a shaft and drop 1 floor!
 14615 | D:13     | Noticed Josephine
 14624 | D:13     | Killed Josephine
 14626 | D:13     | Noticed a tengu warrior
 14714 | D:13     | Noticed Nessos
 14724 | D:13     | Killed Nessos
 14725 | D:13     | Reached skill level 10 in Fighting
 14981 | D:13     | Found a gate to the Vaults.
 15048 | D:13     | Killed a tengu warrior
 15112 | D:13     | Killed a centaur warrior
 15171 | D:13     | Noticed a vault guard
 15184 | D:13     | Killed a vault guard
 15585 | D:13     | Noticed an ettin
 15592 | D:13     | Killed an ettin
 16315 | D:10     | Killed Gastronok
 16316 | D:10     | Reached skill level 10 in Dodging
 16539 | D:10     | Killed Nergalle
 17093 | Lair:1   | Entered Level 1 of the Lair of Beasts
 17252 | Lair:1   | Reached XP level 13. HP: 115/115 MP: 18/26
 17259 | Lair:1   | Noticed Maggie
 17272 | D:10     | Killed Maggie
 17559 | Lair:1   | Reached skill level 10 in Conjurations
 17594 | Lair:1   | Learned a level 3 spell: Swiftness
 17603 | Lair:1   | Learned a level 4 spell: Flame Wave
 18312 | Lair:1   | Reached skill level 10 in Spellcasting
 18395 | Lair:2   | Reached skill level 10 in Earth Magic
 19218 | Lair:2   | Found a staircase to the Snake Pit.
 19936 | Lair:2   | Found a staircase to the Swamp.
 20190 | Lair:2   | Acquired 794 gold pieces
 20421 | Lair:3   | You fall into a shaft and drop 2 floors!
 20654 | Lair:4   | Found a runed translucent door.
 20655 | Lair:4   | Found a shimmering altar of Xom.
 20655 | Lair:4   | Noticed Waosu's ghost (journeyman DsVM)
 20658 | Lair:4   | Noticed Kirke
 20677 | Lair:5   | Gained mutation: Your tail ends in a venomous barb. [Green
                  | Draconian growth]
 20677 | Lair:5   | Reached XP level 14. HP: 106/122 MP: 12/29
 20755 | Lair:5   | Killed Kirke
 22816 | Lair:3   | Learned a level 8 spell: Lehudib's Crystal Spear
 24599 | Lair:6   | Entered Level 6 of the Lair of Beasts
 25091 | Lair:6   | Found a staircase to the Slime Pits.
 25854 | Lair:6   | Reached XP level 15. HP: 114/128 MP: 20/31
 27276 | D:14     | Noticed Roxanne
 27453 | D:14     | You fall into a shaft and drop 1 floor!
 27453 | D:15     | Entered Level 15 of the Dungeon
 28497 | D:14     | Noticed Frances
 28509 | D:14     | Killed Frances
 28561 | D:14     | Identified the +6 spear "Killer Klown's Regret" {freeze,
                  | Will+ rCorr Dex-3}
 28763 | D:14     | Found a runed translucent gate.
 28764 | D:14     | Found a runed translucent gate.
 28765 | D:14     | Found a runed translucent gate.
 28766 | D:14     | Noticed Joow's ghost (adept GrEE)
 29089 | D:14     | Upgraded the game from 0.28-a0-941-g140ffa10cf to
                  | 0.28-a0-948-gee6e0bcda6
 29900 | D:15     | Learned a level 4 spell: Olgreb's Toxic Radiance
 30049 | D:15     | Reached skill level 5 in Poison Magic
 30430 | D:15     | Identified the +5 halberd "Upinif" {flame, Fragile rElec
                  | rCorr Int+4}
 30552 | D:15     | Cast into level 2 of the Abyss (a wizard)
 30552 | Abyss:2  | Found a corrupted altar of Lugonu.
 30624 | Abyss:2  | Noticed a tentacled starspawn
 30836 | Abyss:2  | Noticed a tentacled starspawn
 30929 | Abyss:2  | Killed from afar by a rakshasa

Illustrated notes

Levels and vault maps discovered:
D:1:      lightli_arrival_boilingwater, layout_basic
D:2:      layout_loops_cross, basic_ecumenical_altar
D:3:      layout_basic, mainiacjoe_overflow_alcove_4,
          nicolae_dithmenos_shadow_blocks
D:4:      layout_rooms, nicolae_qazlal_general_emergency,
          mainiacjoe_overflow_large_starburst, uniq_edmund
D:5:      nicolae_cairo_tiling_very_big, layout_cave_pools,
          mainiacjoe_overflow_chevrons, nzn_hepliaklqana_mist_gate
D:6:      layout_loops_ring, dk_yredelemnul_ordeal,
          ebering_ghost_reflecting_pool
D:7:      layout_layer_cave, minmay_temple_entry_ruins, nrook_mini_backslash,
          kennysheep_generic_room_13
D:8:      layout_basic, kennysheep_small_spiral
D:9:      layout_layer_cave, mainiacjoe_overflow_cross_hatched
D:10:     layout_layer_cave, david_lair_generic, serial_shops, shop,
          uniq_nergalle, uniq_gastronok, uniq_fannar
D:11:     layout_basic, uniq_sonja, uniq_erolcha
D:12:     layout_roguey, zombieorc1_lemuel, minmay_bent
D:13:     layout_basic, david_vaults_4, special_room [special_room_bee],
          uniq_nessos, uniq_josephine
D:14:     layout_basic, moated_statue, gammafunk_ghost_hydra_chop,
          nicolae_sextant, uniq_frances, uniq_roxanne
D:15:     gammafunk_depths_entry_grave, layout_irregular_city,
          serial_park_square1 [serial_park_minivault_5x5_3],
          chequers_serial_rivers_large_b, trog_three_pillars_becter
Lair:1:   layout_gridlike, special_room, grunt_megastairs_2, uniq_maggie
Lair:2:   regret_index_tunnel_blossom, layout_long_grid,
          nicolae_swamp_entry_splash_gauntlet,
          minmay_snake_entry_guardpost_small, roderic_carrion_pond
Lair:3:   layout_long_grid, serial_bayou_shore_a
Lair:4:   layout_hall_layers, ebering_ghost_xom, pond, uniq_kirke
Lair:5:   layout_gridlike
Lair:6:   grunt_lair_end_beastmaster, layout_cave_shapes,
          minmay_slime_entry_pillars
Abyss:2:  base: Lair:5, evilmike_abyss_exit_16, due_exit_kobolds,
          hangedman_decor_points

Skill      XL: |  1  2  3  4  5  6  7  8  9 10 11 12 13 14 15 |
---------------+----------------------------------------------+-----
Conjurations   | 2 3 4 6 7 8 9 11 13 14 | 14.4
Spellcasting   | 4 5 7 8 9 11 12 13 | 13.5
Air Magic      | 1 2 3 |  3.2
Poison Magic   | 1 2 3 5 |  5.1
Earth Magic    | 2 5 7 9 11 12 14 | 14.0
Dodging        | 4 8 10 | 10.0
Fighting       | 4 9 10 | 10.8
Stealth        | |  1.7
Summonings     | |  1.0
Translocations | |  1.0

Action                   |  1- 3 |  4- 6 |  7- 9 | 10-12 | 13-15 || total
-------------------------+-------+-------+-------+-------+-------++-------
Melee: Dagger            |    14 |     8 |       |       |       ||    22
       Tailslap          |     3 |     5 |    20 |     8 |    17 ||    53
       Flail             |       |    32 |   166 |       |       ||   198
       Staff             |       |       |    12 |    28 |    52 ||    92
 Cast: Magic Dart        |    41 |    74 |     2 |       |       ||   117
       Poisonous Vapours |       |    25 |    47 |    44 |     5 ||   121
       Stone Arrow       |       |       |    43 |   300 |   930 ||  1273
       Flame Wave        |       |       |       |       |    18 ||    18
       Swiftness         |       |       |       |       |     3 ||     3
       Olgreb's Toxic Ra |       |       |       |       |     1 ||     1
Invok: Foxfire Swarm     |     1 |       |     1 |       |       ||     2
 Abil: Breathe Noxious F |       |       |    26 |    34 |    51 ||   111
Evoke: Wand              |       |       |       |     1 |       ||     1
  Use: Scroll            |       |    10 |     5 |     5 |    10 ||    30
       Potion            |       |       |       |       |     6 ||     6
 Stab: Sleeping          |       |     1 |     1 |       |       ||     2
       Confused          |       |       |     9 |       |     2 ||    11
Armor: Skin              |     4 |    23 |    81 |    30 |   169 ||   307
Dodge: Dodged            |     7 |    44 |   188 |   114 |   559 ||   912

Table legend: (Time is in decaauts)
 A = Elapsed time spent in this place.
 B = Non-inter-level travel time spent in this place.
 C = Inter-level travel time spent in this place.
 D = Time resting spent in this place.
 E = Time spent auto-exploring this place.
 F = Levels seen in this place.
 G = Mean time per level.
                   A        B        C        D        E       F      G
               +--------+--------+--------+--------+--------+-----+--------+
         Total |  31194 |  29968 |   1226 |  11832 |  12254 |  22 | 1417.9 |
       Dungeon |  21325 |  20456 |    869 |   8152 |   9051 |  15 | 1421.7 |
          Lair |   9493 |   9136 |    357 |   3642 |   3202 |   6 | 1582.2 |
         Abyss |    375 |    375 |      0 |     37 |      0 |   1 |  375.0 |
               +--------+--------+--------+--------+--------+-----+--------+

Top non-repeatable levels by time:
    D:14: 2752 daAuts
    D:13: 2315 daAuts
  Lair:2: 2298 daAuts
    D:11: 2158 daAuts
  Lair:5: 1951 daAuts
    D:10: 1932 daAuts
     D:7: 1534 daAuts
  Lair:6: 1507 daAuts
     D:6: 1450 daAuts
  Lair:3: 1416 daAuts
     D:8: 1387 daAuts
     D:9: 1235 daAuts
    D:12: 1211 daAuts
  Lair:1: 1180 daAuts
  Lair:4: 1139 daAuts
